 Dungeon Crawl Stone Soup version 0.18.1-50-g88ac8fd (webtiles) character file.

431 Drunkenshrew the Caller (level 6, -8/47 HPs)
             Began as a Draconian Wizard on Oct 5, 2016.
             Was an Initiate of Ashenzari.
             Shot with an arrow by a centaur (9 damage)
             ... on level 5 of the Dungeon.
             The game lasted 00:24:53 (3948 turns).

Drunkenshrew the Caller (Draconian Wizard)          Turns: 3948, Time: 00:24:54

Health: -8/47      AC:  8    Str:  9    XL:     6   Next: 66%
Magic:  2/10       EV: 12    Int: 21    God:    Ashenzari [......]
Gold:   179        SH:  0    Dex:  9    Spells: 4 memorised, 4 levels left

rFire  . . .     SeeInvis .     d - +2 hand axe (curse)
rCold  . . .     Gourm    .     (armour unavailable)
rNeg   . . .     Faith    .     (no shield)
rPois  .         Spirit   .     a - +1 hat
rElec  .         Dismiss  .     (no cloak)
rCorr  .         Reflect  .     k - +0 pair of gloves
SustAt .         Harm     .     (no boots)
MR     .....                    (no amulet)
Stlth  +.........               (no ring)
                                (no ring)

@: about to teleport, repel missiles, not resistant to hostile enchantments,
very unstealthy
A: unfitting armour, cold-blooded, AC +6
a: Curse Item, Renounce Religion


You were on level 5 of the Dungeon.
You worshipped Ashenzari.
Ashenzari was noncommittal.
You were not hungry.

You visited 1 branch of the dungeon, and saw 5 of its levels.

You collected 179 gold pieces.

Inventory:

Hand Weapons
 d - a cursed +2 hand axe (weapon)
Missiles
 j - 57 arrows
Armour
 a - a +1 hat (worn)
 k - a +0 pair of gloves (worn)
Jewellery
 r - an uncursed ring of resist corrosion
Scrolls
 i - a scroll of identify
 q - a scroll of teleportation
Potions
 e - 2 potions of curing
 g - a potion of magic {unknown}
 m - 3 potions of lignification
 n - 2 potions of heal wounds {unknown}
 p - a potion of beneficial mutation {unknown}
Books
 b - a book of Minor Magic

   Spells                             Type                      Level
   a - Magic Dart                     Conjuration                  1
   b - Blink                          Translocation                2
   c - Call Imp                       Summoning                    2
   d - Repel Missiles                 Charms/Air                   2
   e - Slow                           Hexes                        2
   f - Conjure Flame                  Conjuration/Fire             3
   g - Mephitic Cloud                 Conjuration/Poison/Air       3
Comestibles
 c - 5 bread rations
 f - 2 meat rations


   Skills:
 - Level 1.0 Fighting
 - Level 1.7 Dodging
 - Level 1.7 Stealth
 - Level 3.0 Spellcasting
 - Level 2.0 Conjurations
 - Level 2.2 Hexes
 - Level 2.1 Charms
 + Level 4.1 Summonings
   Level 1.0 Translocations
 + Level 3.0 Air Magic


You had 4 spell levels left.
You knew the following spells:

 Your Spells              Type           Power        Failure   Level  Hunger
a - Magic Dart            Conj           ##..         8%          1    None
b - Call Imp              Summ           ###.....     4%          2    ##.....
c - Repel Missiles        Chrm/Air       ##....       10%         2    ##.....
d - Slow                  Hex            ##......     12%         2    ##.....


Dungeon Overview and Level Annotations

Branches:
Dungeon (5/15)
 Temple: D:4-7

Altars:
Ashenzari
Nemelex Xobeh
Okawaru
Pakellas

Annotations:
D:5 Drunkenshrew's ghost, novice DrFE


Innate Abilities, Weirdness & Mutations

Your plain brown scales are hard (AC +6).
Your body does not fit into most forms of armour.
You are cold-blooded and may be slowed by cold attacks.


Message History

There is an open door here.
The centaur shoots an arrow.
The arrow is repelled.
You see here an arrow.
The centaur shoots an arrow.
The arrow hits you!
* * * LOW HITPOINT WARNING * * *
You see here an arrow.
Read which item? (? for menu, Esc to quit)
Okay, then.
Read which item? (? for menu, Esc to quit)
As you read the scroll labeled MUXKEA TUTS, it crumbles to dust.
It is a scroll of enchant armour.
Enchant which item? (? for menu, Esc to quit)
Your +0 hat glows green for a moment.
Read which item? (? for menu, Esc to quit)
As you read the scroll labeled PAHEVY PEN KAKK, it crumbles to dust.
You feel strangely unstable.
It was a scroll of teleportation.
The centaur shoots an arrow.
The arrow hits you!
* * * LOW HITPOINT WARNING * * *
The centaur shoots an arrow.
The arrow hits you!
You die...

##...## ##.....## ..
### ##.8...8.#
....###.######.#.....#.
#.....c..(#...8...8..
#.###.###.'(((.((....
#.# ###..c8...8W.
####.# ##.#!....#.
#..@.# ##.8...8.#
#.#### ##.....## #
##...##. ##+##..
.....(. ....... .......
....... #....##


You could see a centaur.

Vanquished Creatures
  A centaur (D:4)
  A water moccasin skeleton (D:4)
  A worker ant (D:4)
  4 adders
  An ooze (D:3)
  A dart slug (D:1)
  A giant gecko (D:1)
  A ball python (D:1)
  A giant cockroach (D:1)
  9 goblins
  7 hobgoblins
  2 jackals (D:1)
  2 kobolds
  A quokka (D:2)
  2 bats
  4 giant newts
  7 rats
46 creatures vanquished.

Vanquished Creatures (collateral kills)
  3 ogres (D:4)
  A hound (D:4)
  An orc wizard (D:4)
  4 adders
  A shadow imp (D:3)
  A worm (D:2)
  7 orcs
  A goblin (D:2)
  2 hobgoblins
  2 jackals (D:2)
  A giant newt (D:4)
  A rat (D:2)
25 creatures vanquished.

Vanquished Creatures (others)
  A plant (D:4)
1 creature vanquished.

Grand Total: 72 creatures vanquished

Notes
Turn   | Place    | Note
--------------------------------------------------------------
     0 | D:1      | Drunkenshrew the Draconian Wizard began the quest for the Orb.
     0 | D:1      | Reached XP level 1. HP: 14/14 MP: 4/4
   487 | D:1      | Reached XP level 2. HP: 22/22 MP: 3/6
   512 | D:1      | Learned a level 2 spell: Call Imp
   537 | D:1      | Reached skill level 1 in Fighting
   550 | D:1      | You fall through a shaft!
  1001 | D:2      | Reached skill level 2 in Summonings
  1025 | D:2      | Reached XP level 3. HP: 19/28 MP: 4/7
  1970 | D:3      | Found a sparkling altar of Nemelex Xobeh.
  2079 | D:3      | Reached skill level 3 in Summonings
  2083 | D:3      | Learned a level 2 spell: Repel Missiles
  2086 | D:3      | Learned a level 2 spell: Slow
  2134 | D:3      | Reached XP level 4. HP: 35/35 MP: 2/8
  2370 | D:3      | Found an iron altar of Okawaru.
  2376 | D:3      | Found a shattered altar of Ashenzari.
  2376 | D:3      | Found an oddly glowing altar of Pakellas.
  2408 | D:3      | Became a worshipper of Ashenzari the Shackled
  2490 | D:3      | Reached skill level 1 in Air Magic
  2805 | D:4      | Noticed an ogre
  2810 | D:4      | Killed an ogre
  2810 | D:4      | Reached skill level 1 in Hexes
  2810 | D:4      | Reached skill level 1 in Charms
  2810 | D:4      | Reached XP level 5. HP: 40/40 MP: 2/9
  2836 | D:4      | Noticed an ogre
  2848 | D:4      | Killed an ogre
  3008 | D:4      | Noticed a centaur
  3041 | D:4      | Killed a centaur
  3041 | D:4      | Reached XP level 6. HP: 12/47 MP: 1/10
  3537 | D:4      | Reached skill level 4 in Summonings
  3876 | D:5      | Entered Level 5 of the Dungeon
  3876 | D:5      | Noticed Drunkenshrew's ghost (novice DrFE)
  3917 | D:5      | Noticed a sky beast
  3948 | D:5      | HP: 1/47 [centaur/arrow (12)]
  3948 | D:5      | Shot with an arrow by a centaur

Skill      XL: |  1  2  3  4  5  6 |
---------------+-------------------+-----
Conjurations   | 2 |  2.0
Fighting       | 1 |  1.0
Summonings     | 2 3 4 |  4.1
Air Magic      | 1 2 3 |  3.0
Hexes          | 1 2 |  2.2
Charms         | 1 2 |  2.1
Dodging        | |  1.7
Stealth        | |  1.7
Spellcasting   | |  3.0
Translocations | |  1.0

Action                   |  1- 3 |  4- 6 || total
-------------------------+-------+-------++-------
Melee: Hand axe          |    80 |    59 ||   139
       Unarmed           |     3 |       ||     3
       Tailslap          |     5 |     8 ||    13
 Cast: Magic Dart        |    26 |       ||    26
       Call Imp          |    17 |    42 ||    59
       Repel Missiles    |       |     2 ||     2
Invok: Curse Item        |       |     1 ||     1
  Use: Scroll            |       |     9 ||     9
 Stab: Distracted        |     2 |     1 ||     3
       Sleeping          |     1 |     2 ||     3
  Eat: Chunk             |     4 |     7 ||    11
       Bread ration      |       |     1 ||     1
Armor: Skin              |    28 |    23 ||    51
Dodge: Dodged            |    74 |    44 ||   118
       Deflected         |       |     8 ||     8
